 Dungeon Crawl Stone Soup version 0.31-a0-1099-g7fa767f3fe (webtiles) character file.

Game seed: 9128285985348843559

114 GreatBamboolord the Covered (level 4, -1/38 HPs)
             Began as an Armataur Fighter on Dec 1, 2023.
             Killed from afar by Ijyb (17 damage)
             ... with a bolt of dispelling energy
             ... on level 3 of the Dungeon.
             The game lasted 00:02:34 (1633 turns).

GreatBamboolord the Covered (Armataur Fighter)      Turns: 1633, Time: 00:02:35

Health: -1/38      AC: 11    Str: 23    XL:     4   Next: 67%
Magic:  4/4        EV:  7    Int:  8    God:
Gold:   159        SH:  4    Dex: 10    Spells: 3/3 levels left

rFire   . . .        a - +0 flail
rCold   . . .        c - +0 buckler
rNeg    . . .        b - +0 scale mail
rPois   .            (no helmet)
rElec   .            (no cloak)
rCorr   .            (no gloves)
SInv    .            (no barding)
Will    .....        (no amulet) Stlth
                     n - +4 ring of protection
HPRegen 0.26/turn    (no ring)
MPRegen 0.09/turn

%: roll
@: no status effects
A: large, deformed body, tough skin 3, armoured tail, roll 1, long tongue
a: no special abilities


You were on level 3 of the Dungeon.
You visited 1 branch of the dungeon, and saw 3 of its levels.

You collected 159 gold pieces.

Inventory:

Hand Weapons
 a - a +0 flail (weapon)
Armour
 b - a +0 scale mail (worn)
 c - a +0 buckler (worn)
Jewellery
 n - a +4 ring of protection (left hand)
Scrolls
 g - 3 scrolls of identify {unknown}
 i - a scroll of enchant armour {unknown}
 j - a scroll of teleportation {unknown}
 k - a scroll of fog {unknown}
 l - 2 scrolls of amnesia {unknown}
 p - a scroll of immolation {unknown}
 q - 2 scrolls of butterflies {unknown}
Potions
 d - a potion of might
 e - a potion of haste {unknown}
 f - a potion of mutation {unknown}
 h - a potion of brilliance {unknown}
 m - 4 potions of heal wounds {unknown}
 o - a potion of curing {unknown}


   Skills:
 + Level 3.2 Fighting
 + Level 3.4 Maces & Flails
 + Level 4.2 Armour
 + Level 3.8 Shields


You had 3 spell levels left.
You didn't know any spells.
Your spell library contained the following spells:

 Spells                   Type           Power      Damage    Failure   Level
 Blink                    Tloc           0%         N/A       89%         2
 Lesser Beckoning         Tloc           0%         N/A       89%         2
 Momentum Strike          Conj/Tloc      0%         3d8       89%         2


Dungeon Overview and Level Annotations

Branches:
Dungeon (3/15)

Altars:
Xom

Shops:
D:3 [

Annotations:
D:3 Grinder, Ijyb


Innate Abilities, Weirdness & Mutations

Armour fits poorly on your strangely shaped body.
You have extremely tough skin. (AC +3)
You have a long armoured tail.
You roll when moving toward enemies. (Rampage)
Your long tongue fully drains potion bottles. (2x potion effects)


Message History

No target in view!
You now have 130 gold pieces (gained 15).
Found a stone staircase leading up.
No target in view!
q - 2 scrolls labelled ZAOHOI BIUPHI (gained 1)
You now have 147 gold pieces (gained 17).
Key pressed, stopping explore.
No target in view!
You now have 159 gold pieces (gained 12).
Ijyb the Twisted Goblin comes into view.
She is wielding a +0 dagger and carrying a wand of quicksilver.
Found a lumpy white potion.
Ijyb shouts!
A hobgoblin comes into view.
The hobgoblin shouts!
There are monsters nearby!
You roll towards Ijyb!
You closely miss Ijyb.
Your tail-slap misses Ijyb.
Ijyb hits you but does no damage.
Ijyb is nearby!
You barely miss Ijyb. You tail-slap Ijyb.
Ijyb is lightly wounded.
Ijyb zaps a wand.
The bolt of dispelling energy hits you.
Ijyb zaps a wand.
The bolt of dispelling energy misses you.
Grinder comes into view.
Grinder shouts!
You closely miss Ijyb.
Ijyb is lightly wounded.
Ijyb barely misses you.
Unknown command.
You roll towards the hobgoblin!
You closely miss the hobgoblin. You block the hobgoblin's attack.
Unknown command.
The hobgoblin attacks as it pursues you!
The hobgoblin hits you but does no damage.
Ijyb zaps a wand.
The bolt of dispelling energy hits you!!
Ouch! That really hurt!
Grinder says, "Wait up."
Grinder blinks!
Ijyb zaps a wand.
The bolt of dispelling energy hits you!
You die...

#.########.###....
#.# #.# #.# ..
#######.## #. .#
.........# #.
#######..# #. #..#
#. #..####.#
#.......######.##
#.#@####.....!...
#####......g.......#
......#.#.#g########
#####.....#.#
#.#.#...# #......##
####...# #####


You could see Ijyb and a hobgoblin.

Vanquished Creatures
  Jessica (D:3)
  2 adders
  A worm (D:3)
  5 orcs (D:3)
  8 bats
  6 endoplasms
  A giant cockroach (D:2)
  4 goblins
  3 hobgoblins
  2 jackals (D:1)
  6 ball pythons
  8 frilled lizards
  9 kobolds
  7 rats
63 creatures vanquished.

Notes
Turn   | Place    | Note
-------+----------+-------------------------------------------
     0 | D:1      | GreatBamboolord the Armataur Fighter began the quest for
                  | the Orb.
     0 | D:1      | Reached XP level 1. HP: 18/18 MP: 1/1
   148 | D:1      | Reached XP level 2. HP: 25/25 MP: 2/2
   604 | D:2      | Reached skill level 4 in Armour
   606 | D:2      | Found a shimmering altar of Xom.
   726 | D:2      | Reached XP level 3. HP: 31/31 MP: 3/3
  1320 | D:3      | Found Deemauda's Armour Emporium.
  1368 | D:3      | Reached XP level 4. HP: 38/38 MP: 4/4
  1463 | D:3      | Noticed Jessica
  1470 | D:3      | Killed Jessica
  1623 | D:3      | Noticed Ijyb
  1626 | D:3      | Noticed Grinder
  1633 | D:3      | Killed from afar by Ijyb

Illustrated notes

Levels and vault maps discovered:
D:1:      giann_bridges, layout_rooms, serial_forest,
          infiniplex_forest_zigzag_1, infiniplex_forest_corner_1,
          infiniplex_forest_end_1, infiniplex_forest_straight_4,
          infiniplex_forest_lined_2, infiniplex_forest_straight_3, st_stairs_10,
          minmay_quantized
D:2:      layout_basic, basic_altar, minmay_tiny_reverse_x
D:3:      layout_loops_ring, serial_shops, shop, serial_glass, glass_columns_c,
          glass_columns_a, amcnicky_mini_corridor_feature, uniq_ijyb,
          uniq_grinder, uniq_jessica

Skill      XL: |  1  2  3  4 |
---------------+-------------+-----
Maces & Flails | 2 3 |  3.4
Armour         | 4 |  4.2
Fighting       | 3 |  3.2
Shields        | |  3.8

Action                     |  1- 3 |  4- 6 || total
---------------------------+-------+-------++-------
  Melee: Flail             |   107 |    34 ||   141
         Tailslap          |     8 |     4 ||    12
 Armour: Scale mail        |    72 |    19 ||    91
  Dodge: Dodged            |    44 |    13 ||    57
  Block: Buckler           |    22 |     7 ||    29

Table legend: (Time is in decaauts)
 A = Elapsed time spent in this place.
 B = Non-inter-level travel time spent in this place.
 C = Inter-level travel time spent in this place.
 D = Time resting spent in this place.
 E = Time spent auto-exploring this place.
 F = Levels seen in this place.
 G = Mean time per level.
                   A        B        C        D        E       F      G
               +--------+--------+--------+--------+--------+-----+--------+
         Total |   1674 |   1644 |     30 |      0 |   1314 |   3 |  558.0 |
       Dungeon |   1674 |   1644 |     30 |      0 |   1314 |   3 |  558.0 |
               +--------+--------+--------+--------+--------+-----+--------+

Top non-repeatable levels by time:
     D:2: 740 daAuts
     D:1: 612 daAuts
     D:3: 322 daAuts
